WASHINGTON vs CHICAGO

Created - Friday, February 02, 2018 at 06:27

Goals
1 2 3 T
WASHINGTON 1 0 1 2
CHICAGO 0 0 0 0
Shots
1 2 3 T
WASHINGTON 8 11 14 33
CHICAGO 12 9 14 35

1st period

1. WASHINGTON , Viktor Arvidsson 10 (Ryan Johansen 22, Xavier Ouellet 4) at 8:16

Penalties :
Carl Hagelin (CHI) for Cross-checking (Minor) at 2:05, Michael Del Zotto (CHI) for Interference (Minor) at 9:22, Casey Cizikas (WSH) for Interference (Minor) at 12:24, Cal Clutterbuck (WSH) for Holding (Minor) at 15:50, Zach Werenski (WSH) for Interference (Minor) at 15:53

2nd period

No Goal

Penalties :
Victor Hedman (WSH) for Roughing (Minor) at 1:28, Michael Del Zotto (CHI) for Interference (Minor) at 6:45, Filip Forsberg (CHI) for Delaying the game (Minor) at 9:57

3rd period

2. WASHINGTON , Victor Hedman 10 (Casey Cizikas 5) at 19:49

Penalties :
James Neal (CHI) for Hooking (Minor) at 6:38

Goalie Stats

Ryan Miller (WSH), 35 saves from 35 shots - (1.000), W, 4-7-0, 60:00 minutes
Marc-Andre Fleury (CHI), 31 saves from 33 shots - (0.939), L, 24-14-3, 60:00 minutes

Players Stats for WASHINGTON

Player Name              G  A  P  +/- PIM S  H  SB GA TA FO     MP     PP MP  PK MP  
------------------------------------------------------------------------------------
Alexander Wennberg       0  0  0   0  0   3  0  1  0  0  16/25  18:31   4:43   0:18 
Brayden Schenn           0  0  0   1  0   1  4  1  0  0  1/4    22:42   5:12   1:12 
Brett Ritchie            0  0  0   0  0   1  1  0  0  0  0/1    13:30   0:00   0:00 
Cal Clutterbuck          0  0  0   0  2   2  0  0  0  0  0/1     8:24   0:00   0:00 
Casey Cizikas            0  1  1   1  2   1  2  0  0  0  0/2    19:29   4:43   0:37 
Colin Wilson             0  0  0   0  0   2  0  0  0  0  0/0    13:43   4:43   0:35 
Damon Severson           0  0  0   0  0   1  1  0  0  0  0/0    20:58   5:09   2:42 
Jim Slater               0  0  0   0  0   0  0  0  0  0  0/0     0:00   0:00   0:00 
Joakim Nordstrom         0  0  0   0  0   0  0  0  0  0  4/14    8:25   0:00   0:00 
Nathan Gerbe             0  0  0   0  0   1  0  0  0  0  0/0     5:12   0:00   0:00 
Rene Bourque             0  0  0   0  0   0  0  0  0  0  0/0     5:30   0:00   0:18 
Roman Polak              0  0  0   1  0   2  1  0  0  0  0/0    18:19   4:43   1:29 
Ryan Johansen            0  1  1   2  0   1  0  0  0  0  25/42  25:56   5:12   3:46 
Sami Vatanen             0  0  0   0  0   1  0  0  0  0  0/0    13:07   0:00   0:00 
Tom Gilbert              0  0  0   0  0   0  0  0  0  0  0/0     0:46   0:26   0:20 
Victor Hedman            1  0  1   1  2   7  2  2  0  0  0/0    26:02   4:46   2:26 
Viktor Arvidsson         1  0  1   2  0   6  0  0  0  0  1/4    25:28   5:12   3:18 
Xavier Ouellet           0  1  1   1  0   0  0  1  0  0  0/0    15:10   0:00   3:03 
Zach Werenski            0  0  0   1  2   0  2  2  0  0  0/0    25:36   4:46   1:59 
Zemgus Girgensons        0  0  0   0  0   4  1  0  0  0  4/4     5:12   0:00   0:00 

Players Stats for CHICAGO

Player Name              G  A  P  +/- PIM S  H  SB GA TA FO     MP     PP MP  PK MP  
------------------------------------------------------------------------------------
Carl Hagelin             0  0  0   0  2   1  0  0  0  0  0/1    16:52   0:31   5:10 
Connor Murphy            0  0  0   0  0   2  2  1  0  0  0/0    18:09   3:13   3:48 
Derek Dorsett            0  0  0   0  0   0  3  0  0  0  0/0     3:04   0:00   0:00 
Erik Haula               0  0  0   0  0   0  1  0  0  0  15/27  16:49   0:00   5:37 
Filip Forsberg           0  0  0  -1  2   3  4  0  0  0  2/2    20:02   3:20   0:00 
James Neal               0  0  0  -2  2   2  3  0  0  0  0/1    17:07   2:40   1:04 
James van Riemsdyk       0  0  0  -1  0   5  0  0  0  0  0/3    15:55   2:49   0:00 
Jared Spurgeon           0  0  0  -1  0   2  0  0  0  0  0/0    24:39   2:47   5:28 
Lance Bouma              0  0  0   0  0   0  0  0  0  0  0/0     6:17   0:00   3:13 
Mark Pysyk               0  0  0  -1  0   0  0  2  0  0  0/0    11:31   0:00   0:00 
Matt Dumba               0  0  0   0  0   5  0  0  0  0  0/0    23:36   3:13   4:13 
Michael Del Zotto        0  0  0  -1  4   0  2  0  0  0  0/0    16:04   0:00   0:55 
Nick Leddy               0  0  0  -1  0   2  0  1  0  0  0/0    25:59   2:47   5:26 
Rick Nash                0  0  0   0  0   3  0  0  0  0  0/1    19:33   2:40   0:28 
Ryan O'Reilly            0  0  0  -1  0   4  0  1  0  0  16/30  20:03   3:20   0:00 
Shawn Matthias           0  0  0   0  0   0  0  0  0  0  1/8     4:09   0:00   1:05 
Tyler Bozak              0  0  0  -1  0   3  1  0  0  0  10/20  15:46   2:40   0:00 
Zack Smith               0  0  0   0  0   3  2  0  0  0  2/4    14:25   0:00   3:13 

3 Stars

1 - Ryan Miller (WSH)
2 - Viktor Arvidsson (WSH)
3 - Victor Hedman (WSH)

Power Play

WASHINGTON - 0 on 5 Attempt(s) - 0.00%
CHICAGO - 0 on 4 Attempt(s) - 0.00%

Penalty Kill

WASHINGTON - 4 on 4 Attempt(s) - 100.00% - Score 0 goal in Penalty Kill
CHICAGO - 5 on 5 Attempt(s) - 100.00% - Score 0 goal in Penalty Kill

Team Stat

WASHINGTON - Hits : 14 - Faceoff Wins : 51 - Blocked Shots : 7 - Penalty Minutes : 8
CHICAGO - Hits : 18 - Faceoff Wins : 46 - Blocked Shots : 5 - Penalty Minutes : 10

Official

Referees : Unknown
Linesman : Unknown

Game Notes

No Game Note

Finance

Level 1 -- Attendance: 3987 (66.45%) -- Ticket Income $398,700
Level 2 -- Attendance: 3382 (67.64%) -- Ticket Income $219,830
Level 3 -- Attendance: 800 (40.00%) -- Ticket Income $60,000
Level 4 -- Attendance: 1600 (40.00%) -- Ticket Income $80,000
Luxury Box -- Attendance: 614 (61.40%) -- Ticket Income $153,500
Game was played at the United Center.
Total Attendance: 10383 (57.68%)
Total Ticket Income: $912,030
Total Income: $912,030

WASHINGTON

5 vs 5 Forward 
   Center                   Left Wing                Right Wing               Time % Phy DF OF 
 1 Ryan Johansen            Brayden Schenn           Viktor Arvidsson         40     1   2  2  
 2 Alexander Wennberg       Brett Ritchie            Casey Cizikas            35     1   2  2  
 3 Joakim Nordstrom         Colin Wilson             Cal Clutterbuck          20     1   3  1  
 4 Zemgus Girgensons        Nathan Gerbe             Rene Bourque             5      2   2  1  

5 vs 5 Defense 
   Defense                  Defense                                           Time % Phy DF OF 
 1 Victor Hedman            Zach Werenski                                     40     1   2  2  
 2 Damon Severson           Sami Vatanen                                      30     1   2  2  
 3 Roman Polak              Xavier Ouellet                                    20     1   2  2  
 4 Victor Hedman            Zach Werenski                                     10     1   2  2  

PowerPlay Forward 
   Center                   Left Wing                Right Wing               Time % Phy DF OF 
 1 Ryan Johansen            Brayden Schenn           Viktor Arvidsson         60     1   1  3  
 2 Alexander Wennberg       Colin Wilson             Casey Cizikas            40     1   1  3  

PowerPlay Defense
   Defense                  Defense                                           Time % Phy DF OF 
 1 Victor Hedman            Zach Werenski                                     60     1   1  3  
 2 Damon Severson           Roman Polak                                       40     1   1  3  

Penalty Kill 4 Players Forward 
   Center                   Wing                     Time % Phy DF OF 
 1 Ryan Johansen            Viktor Arvidsson         60     1   4  0  
 2 Brayden Schenn           Casey Cizikas            40     1   4  0  

Penalty Kill 4 Players Defense
   Defense                  Defense                  Time % Phy DF OF 
 1 Victor Hedman            Zach Werenski            60     1   4  0  
 2 Damon Severson           Xavier Ouellet           40     1   4  0  

Penalty Kill - 3 Players Forward 
   Forward                                           Time % Phy DF OF 
 1 Ryan Johansen                                     60     1   4  0  
 2 Viktor Arvidsson                                  40     1   4  0  

Penalty Kill - 3 Players Defense
   Defense                  Defense                  Time % Phy DF OF 
 1 Victor Hedman            Zach Werenski            60     1   4  0  
 2 Damon Severson           Xavier Ouellet           40     1   4  0  

4 vs 4 Forward 
   Center                   Wing                     Time % Phy DF OF 
 1 Ryan Johansen            Viktor Arvidsson         60     1   2  2  
 2 Alexander Wennberg       Brayden Schenn           40     1   2  2  

4 vs 4 Defense
   Defense                  Defense                  Time % Phy DF OF 
 1 Victor Hedman            Zach Werenski            60     1   2  2  
 2 Damon Severson           Roman Polak              40     1   2  2  

Last Minutes Offensive
   Center                   Left Wing                Right Wing               Defense                  Defense                  
   Ryan Johansen            Brayden Schenn           Viktor Arvidsson         Victor Hedman            Zach Werenski            

Last Minutes Defensive
   Center                   Left Wing                Right Wing               Defense                  Defense                  
   Ryan Johansen            Viktor Arvidsson         Casey Cizikas            Victor Hedman            Zach Werenski            

Goaltenders
Starting : Ryan Miller              
Backup : Mike Condon              

Extra Forwards
Normal : Nathan Gerbe, Ryan Johansen, Colin Wilson - PP : Nathan Gerbe, Ryan Johansen - PK : Colin Wilson
Extra Defensemen
Normal : Roman Polak, Xavier Ouellet, Damon Severson - PP : Roman Polak - PK : Xavier Ouellet, Damon Severson
Penalty Shots
Ryan Johansen, Viktor Arvidsson, Brayden Schenn, Alexander Wennberg, Casey Cizikas

Scratches
WSH CAP HIT (Suspend)

CHICAGO

5 vs 5 Forward 
   Center                   Left Wing                Right Wing               Time % Phy DF OF 
 1 Ryan O'Reilly            Rick Nash                Filip Forsberg           35     1   1  3  
 2 Tyler Bozak              James van Riemsdyk       James Neal               30     1   1  3  
 3 Erik Haula               Carl Hagelin             Zack Smith               25     1   2  2  
 4 Shawn Matthias           Lance Bouma              Derek Dorsett            10     1   2  2  

5 vs 5 Defense 
   Defense                  Defense                                           Time % Phy DF OF 
 1 Matt Dumba               Nick Leddy                                        35     1   2  2  
 2 Jared Spurgeon           Michael Del Zotto                                 30     1   2  2  
 3 Connor Murphy            Mark Pysyk                                        25     1   2  2  
 4 Nick Leddy               Jared Spurgeon                                    10     1   2  2  

PowerPlay Forward 
   Center                   Left Wing                Right Wing               Time % Phy DF OF 
 1 Ryan O'Reilly            James van Riemsdyk       Filip Forsberg           60     1   1  3  
 2 Tyler Bozak              Rick Nash                James Neal               40     1   1  3  

PowerPlay Defense
   Defense                  Defense                                           Time % Phy DF OF 
 1 Jared Spurgeon           Nick Leddy                                        60     1   2  2  
 2 Connor Murphy            Matt Dumba                                        40     1   2  2  

Penalty Kill 4 Players Forward 
   Center                   Wing                     Time % Phy DF OF 
 1 Erik Haula               Carl Hagelin             60     1   4  0  
 2 Zack Smith               Lance Bouma              40     1   4  0  

Penalty Kill 4 Players Defense
   Defense                  Defense                  Time % Phy DF OF 
 1 Jared Spurgeon           Nick Leddy               60     1   4  0  
 2 Connor Murphy            Matt Dumba               40     1   4  0  

Penalty Kill - 3 Players Forward 
   Forward                                           Time % Phy DF OF 
 1 Zack Smith                                        60     1   4  0  
 2 Ryan O'Reilly                                     40     1   4  0  

Penalty Kill - 3 Players Defense
   Defense                  Defense                  Time % Phy DF OF 
 1 Jared Spurgeon           Nick Leddy               60     1   4  0  
 2 Connor Murphy            Matt Dumba               40     1   4  0  

4 vs 4 Forward 
   Center                   Wing                     Time % Phy DF OF 
 1 Ryan O'Reilly            Filip Forsberg           60     1   2  2  
 2 Tyler Bozak              James van Riemsdyk       40     1   2  2  

4 vs 4 Defense
   Defense                  Defense                  Time % Phy DF OF 
 1 Jared Spurgeon           Nick Leddy               60     1   2  2  
 2 Connor Murphy            Matt Dumba               40     1   2  2  

Last Minutes Offensive
   Center                   Left Wing                Right Wing               Defense                  Defense                  
   Ryan O'Reilly            Filip Forsberg           James Neal               Jared Spurgeon           Nick Leddy               

Last Minutes Defensive
   Center                   Left Wing                Right Wing               Defense                  Defense                  
   Ryan O'Reilly            Filip Forsberg           James Neal               Jared Spurgeon           Nick Leddy               

Goaltenders
Starting : Marc-Andre Fleury        
Backup : Ondrej Pavelec           

Extra Forwards
Normal : Rick Nash, Carl Hagelin, Erik Haula - PP : Rick Nash, Carl Hagelin - PK : Erik Haula
Extra Defensemen
Normal : Nick Leddy, Michael Del Zotto, Mark Pysyk - PP : Nick Leddy - PK : Michael Del Zotto, Mark Pysyk
Penalty Shots
Filip Forsberg, Ryan O'Reilly, James van Riemsdyk, James Neal, Tyler Bozak

Scratches
None


% Time on Ice - WASHINGTON

Lines # - Real PCT - Wanted PCT - Time Play
Normal Forward
1 - 38% - 40% - 16:18
2 - 31% - 35% - 13:30
3 - 19% - 20% - 8:25
4 - 12% - 5% - 5:12
Normal Defense
1 - 39% - 40% - 17:00
2 - 30% - 30% - 13:07
3 - 28% - 20% - 12:07
4 - 3% - 10% - 1:11
PP Forward
1 - 52% - 60% - 5:12
2 - 48% - 40% - 4:43
PP Defense
1 - 48% - 60% - 4:46
2 - 52% - 40% - 5:09
PK Forward
1 - 70% - 60% - 2:52
2 - 30% - 40% - 1:12
PK Defense
1 - 73% - 60% - 2:59
2 - 27% - 40% - 1:05
PK3 Forward
1 - 62% - 60% - 1:12
2 - 38% - 40% - 0:44
PK3 Defense
1 - 100% - 60% - 1:56
2 - 0% - 40% - 0:00
44 Forward
1 - 0% - 60%
2 - 0% - 40%
44 Defense
1 - 0% - 60%
2 - 0% - 40%
Last Minute Offensive  - 0:00
Last Minute Defensive  - 0:40
Total
Forward - 60:00
Defense - 60:00

% Time on Ice - CHICAGO

Lines # - Real PCT - Wanted PCT - Time Play
Normal Forward
1 - 37% - 35% - 16:25
2 - 30% - 30% - 13:06
3 - 26% - 25% - 11:12
4 - 7% - 10% - 3:04
Normal Defense
1 - 37% - 35% - 16:10
2 - 34% - 30% - 15:06
3 - 26% - 25% - 11:13
4 - 3% - 10% - 1:18
PP Forward
1 - 56% - 60% - 3:20
2 - 44% - 40% - 2:40
PP Defense
1 - 46% - 60% - 2:47
2 - 54% - 40% - 3:13
PK Forward
1 - 68% - 60% - 6:42
2 - 32% - 40% - 3:13
PK Defense
1 - 57% - 60% - 5:42
2 - 43% - 40% - 4:13
PK3 Forward
1 - 0% - 60%
2 - 0% - 40%
PK3 Defense
1 - 0% - 60%
2 - 0% - 40%
44 Forward
1 - 0% - 60%
2 - 0% - 40%
44 Defense
1 - 0% - 60%
2 - 0% - 40%
Last Minute Offensive  - 0:18
Last Minute Defensive  - 0:00
Total
Forward - 60:00
Defense - 60:00

Play by Play

1st period


0:01 of 1st period - Brayden Schenn wins face-off versus Rick Nash in neutral zone.
0:01 of 1st period - Victor Hedman is hit by Filip Forsberg and loses puck.
0:31 of 1st period - Shot by Ryan Johansen.
0:31 of 1st period - Shot Blocked by Ryan O'Reilly.
1:51 of 1st period - Cal Clutterbuck is hit by Connor Murphy and loses puck.
2:05 of 1st period - Minor Penalty to Carl Hagelin for Cross-checking.
2:06 of 1st period - Erik Haula wins face-off versus Ryan Johansen in CHICAGO zone.
2:15 of 1st period - Shot by Victor Hedman.
2:15 of 1st period - Stopped by Marc-Andre Fleury without a rebound.
2:16 of 1st period - Erik Haula wins face-off versus Ryan Johansen in CHICAGO zone.
3:29 of 1st period - Shot by Rick Nash.
3:29 of 1st period - Shot Misses the Net.
3:37 of 1st period - Icing by Alexander Wennberg.
3:38 of 1st period - Alexander Wennberg wins face-off versus Zack Smith in WASHINGTON zone.
4:12 of 1st period - Shot by Zemgus Girgensons.
4:12 of 1st period - Stopped by Marc-Andre Fleury with a rebound.
4:14 of 1st period - Shot by Zemgus Girgensons.
4:14 of 1st period - Deflect By Rene Bourque.
4:14 of 1st period - Shot Misses the Net.
4:16 of 1st period - Shot by Zemgus Girgensons.
4:16 of 1st period - Stopped by Marc-Andre Fleury without a rebound.
4:17 of 1st period - Zemgus Girgensons wins face-off versus Tyler Bozak in CHICAGO zone.
4:36 of 1st period - James Neal is hit by Zemgus Girgensons and loses puck.
4:59 of 1st period - Shot by James van Riemsdyk.
4:59 of 1st period - Stopped by Ryan Miller without a rebound.
5:00 of 1st period - Ryan O'Reilly wins face-off versus Viktor Arvidsson in WASHINGTON zone.
5:29 of 1st period - Matt Dumba is hit by Brayden Schenn.
5:38 of 1st period - Shot by Matt Dumba.
5:38 of 1st period - Stopped by Ryan Miller without a rebound.
5:39 of 1st period - Erik Haula wins face-off versus Casey Cizikas in WASHINGTON zone.
5:42 of 1st period - Shot by Zack Smith.
5:42 of 1st period - Stopped by Ryan Miller without a rebound.
5:43 of 1st period - Alexander Wennberg wins face-off versus Erik Haula in WASHINGTON zone.
6:06 of 1st period - Shot by Carl Hagelin.
6:06 of 1st period - Stopped by Ryan Miller without a rebound.
6:07 of 1st period - Ryan Johansen wins face-off versus Shawn Matthias in WASHINGTON zone.
6:20 of 1st period - Shot by Jared Spurgeon.
6:20 of 1st period - Stopped by Ryan Miller without a rebound.
6:21 of 1st period - Erik Haula wins face-off versus Joakim Nordstrom in WASHINGTON zone.
7:32 of 1st period - Icing by Victor Hedman.
7:33 of 1st period - Ryan O'Reilly wins face-off versus Alexander Wennberg in WASHINGTON zone.
7:44 of 1st period - Shot by Ryan O'Reilly.
7:44 of 1st period - Stopped by Ryan Miller without a rebound.
7:45 of 1st period - Tyler Bozak wins face-off versus Ryan Johansen in WASHINGTON zone.
8:04 of 1st period - Shot by Brayden Schenn.
8:04 of 1st period - Shot Misses the Net.
8:06 of 1st period - Shot by Roman Polak.
8:06 of 1st period - Shot Misses the Net.
8:08 of 1st period - Shot by Ryan Johansen.
8:08 of 1st period - Deflect By Viktor Arvidsson.
8:08 of 1st period - Stopped by Marc-Andre Fleury with a rebound.
8:10 of 1st period - Shot by Xavier Ouellet.
8:10 of 1st period - Shot Misses the Net.
8:16 of 1st period - Shot by Viktor Arvidsson.
8:16 of 1st period - Goal by Viktor Arvidsson - WASHINGTON : 1 - CHICAGO : 0.
8:17 of 1st period - Alexander Wennberg wins face-off versus Ryan O'Reilly in neutral zone.
8:29 of 1st period - Nick Leddy is hit by Casey Cizikas and loses puck.
8:54 of 1st period - Shot by Filip Forsberg.
8:54 of 1st period - Shot Blocked by Victor Hedman.
9:00 of 1st period - Shot by Ryan O'Reilly.
9:00 of 1st period - Deflect By Filip Forsberg.
9:00 of 1st period - Stopped by Ryan Miller without a rebound.
9:01 of 1st period - Ryan Johansen wins face-off versus Shawn Matthias in WASHINGTON zone.
9:01 of 1st period - Ryan Johansen is hit by Derek Dorsett.
9:22 of 1st period - Minor Penalty to Michael Del Zotto for Interference.
9:23 of 1st period - Erik Haula wins face-off versus Ryan Johansen in CHICAGO zone.
9:58 of 1st period - Shot by Viktor Arvidsson.
9:58 of 1st period - Shot Misses the Net.
10:35 of 1st period - Icing by Zach Werenski.
10:36 of 1st period - Alexander Wennberg wins face-off versus Erik Haula in WASHINGTON zone.
10:52 of 1st period - Shot by Victor Hedman.
10:52 of 1st period - Stopped by Marc-Andre Fleury without a rebound.
10:53 of 1st period - Erik Haula wins face-off versus Ryan Johansen in CHICAGO zone.
10:57 of 1st period - Matt Dumba is hit by Brayden Schenn and loses puck.
11:23 of 1st period - Viktor Arvidsson is hit by Michael Del Zotto.
12:24 of 1st period - Minor Penalty to Casey Cizikas for Interference.
12:25 of 1st period - Ryan Johansen wins face-off versus Ryan O'Reilly in WASHINGTON zone.
12:46 of 1st period - Shot by Matt Dumba.
12:46 of 1st period - Stopped by Ryan Miller with a rebound.
13:27 of 1st period - Shot by Jared Spurgeon.
13:27 of 1st period - Stopped by Ryan Miller with a rebound.
14:28 of 1st period - Icing by Brett Ritchie.
14:29 of 1st period - Alexander Wennberg wins face-off versus Shawn Matthias in WASHINGTON zone.
14:29 of 1st period - Damon Severson is hit by Derek Dorsett and loses puck.
14:33 of 1st period - Damon Severson is hit by Derek Dorsett and loses puck.
15:21 of 1st period - Icing by Xavier Ouellet.
15:22 of 1st period - Joakim Nordstrom wins face-off versus Erik Haula in WASHINGTON zone.
15:33 of 1st period - Shot by Roman Polak.
15:33 of 1st period - Stopped by Marc-Andre Fleury without a rebound.
15:34 of 1st period - Ryan O'Reilly wins face-off versus Ryan Johansen in CHICAGO zone.
15:49 of 1st period - Icing by Ryan O'Reilly.
15:50 of 1st period - Ryan O'Reilly wins face-off versus Joakim Nordstrom in CHICAGO zone.
15:50 of 1st period - Minor Penalty to Cal Clutterbuck for Holding.
15:51 of 1st period - Filip Forsberg wins face-off versus Ryan Johansen in WASHINGTON zone.
15:53 of 1st period - Minor Penalty to Zach Werenski for Interference.
15:54 of 1st period - Ryan O'Reilly wins face-off versus Ryan Johansen in WASHINGTON zone.
15:55 of 1st period - Shot by Matt Dumba.
15:55 of 1st period - Shot Misses the Net.
15:57 of 1st period - Shot by Connor Murphy.
15:57 of 1st period - Stopped by Ryan Miller without a rebound.
15:58 of 1st period - Ryan Johansen wins face-off versus James van Riemsdyk in WASHINGTON zone.
15:58 of 1st period - Ryan Johansen is hit by Filip Forsberg.
16:05 of 1st period - Icing by Ryan O'Reilly.
16:06 of 1st period - Ryan Johansen wins face-off versus Ryan O'Reilly in CHICAGO zone.
16:13 of 1st period - Shot by Ryan Johansen.
16:13 of 1st period - Shot Misses the Net.
16:45 of 1st period - Shot by Ryan O'Reilly.
16:45 of 1st period - Shot Misses the Net.
17:19 of 1st period - Shot by Matt Dumba.
17:19 of 1st period - Stopped by Ryan Miller without a rebound.
17:20 of 1st period - Tyler Bozak wins face-off versus Viktor Arvidsson in WASHINGTON zone.
17:41 of 1st period - Shot by James Neal.
17:41 of 1st period - Shot Misses the Net.
17:51 of 1st period - Shot by Matt Dumba.
17:51 of 1st period - Stopped by Ryan Miller without a rebound.
17:52 of 1st period - Ryan Johansen wins face-off versus Ryan O'Reilly in WASHINGTON zone.
17:57 of 1st period - Shot by Damon Severson.
17:57 of 1st period - Stopped by Marc-Andre Fleury without a rebound.
17:58 of 1st period - Erik Haula wins face-off versus Brett Ritchie in CHICAGO zone.
18:26 of 1st period - Icing by Jared Spurgeon.
18:27 of 1st period - Erik Haula wins face-off versus Brayden Schenn in CHICAGO zone.
18:52 of 1st period - Icing by Sami Vatanen.
18:53 of 1st period - Ryan Johansen wins face-off versus Ryan O'Reilly in WASHINGTON zone.
18:59 of 1st period - Icing by Ryan Johansen.
19:00 of 1st period - Ryan O'Reilly wins face-off versus Viktor Arvidsson in WASHINGTON zone.
19:00 of 1st period - Filip Forsberg is hit by Damon Severson and loses puck.
19:20 of 1st period - Off-side.
19:21 of 1st period - Alexander Wennberg wins face-off versus Tyler Bozak in neutral zone.
Goals for this period are 1 for WASHINGTON vs 0 for CHICAGO.
Shots for this period are 8 for WASHINGTON vs 12 for CHICAGO.

2nd period


0:01 of 2nd period - Filip Forsberg wins face-off versus Ryan Johansen in neutral zone.
0:31 of 2nd period - Shot by Rick Nash.
0:31 of 2nd period - Stopped by Ryan Miller without a rebound.
0:32 of 2nd period - Tyler Bozak wins face-off versus Joakim Nordstrom in WASHINGTON zone.
0:45 of 2nd period - Shot by James Neal.
0:45 of 2nd period - Stopped by Ryan Miller without a rebound.
0:46 of 2nd period - Alexander Wennberg wins face-off versus Erik Haula in WASHINGTON zone.
0:46 of 2nd period - Alexander Wennberg is hit by Zack Smith.
1:22 of 2nd period - Shot by Alexander Wennberg.
1:22 of 2nd period - Stopped by Marc-Andre Fleury without a rebound.
1:23 of 2nd period - Ryan O'Reilly wins face-off versus Ryan Johansen in CHICAGO zone.
1:27 of 2nd period - Nick Leddy is hit by Victor Hedman and loses puck.
1:28 of 2nd period - Minor Penalty to Victor Hedman for Roughing.
1:29 of 2nd period - Ryan Johansen wins face-off versus Ryan O'Reilly in WASHINGTON zone.
1:43 of 2nd period - Icing by Ryan O'Reilly.
1:44 of 2nd period - Ryan Johansen wins face-off versus Ryan O'Reilly in CHICAGO zone.
1:51 of 2nd period - Shot by Viktor Arvidsson.
1:51 of 2nd period - Deflect By Ryan Johansen.
1:51 of 2nd period - Shot Blocked by Connor Murphy.
2:09 of 2nd period - Shot by Connor Murphy.
2:09 of 2nd period - Deflect By Filip Forsberg.
2:09 of 2nd period - Shot Misses the Net.
2:36 of 2nd period - Icing by Nick Leddy.
2:37 of 2nd period - Tyler Bozak wins face-off versus Brayden Schenn in CHICAGO zone.
2:52 of 2nd period - Shot by Jared Spurgeon.
2:52 of 2nd period - Shot Misses the Net.
2:54 of 2nd period - Shot by Jared Spurgeon.
2:54 of 2nd period - Shot Blocked by Zach Werenski.
2:56 of 2nd period - Shot by Rick Nash.
2:56 of 2nd period - Shot Blocked by Zach Werenski.
2:58 of 2nd period - Shot by Nick Leddy.
2:58 of 2nd period - Stopped by Ryan Miller without a rebound.
2:59 of 2nd period - Viktor Arvidsson wins face-off versus Tyler Bozak in WASHINGTON zone.
3:08 of 2nd period - Ryan Johansen is hit by Tyler Bozak and loses puck.
3:57 of 2nd period - Shot by Colin Wilson.
3:57 of 2nd period - Shot Misses the Net.
4:44 of 2nd period - Casey Cizikas is hit by Connor Murphy and loses puck.
5:14 of 2nd period - Shot by Filip Forsberg.
5:14 of 2nd period - Shot Blocked by Brayden Schenn.
5:16 of 2nd period - Shot by Matt Dumba.
5:16 of 2nd period - Stopped by Ryan Miller with a rebound.
5:43 of 2nd period - Shot by Ryan O'Reilly.
5:43 of 2nd period - Deflect By Rick Nash.
5:43 of 2nd period - Shot Misses the Net.
6:22 of 2nd period - Shot by Cal Clutterbuck.
6:22 of 2nd period - Shot Misses the Net.
6:24 of 2nd period - Shot by Sami Vatanen.
6:24 of 2nd period - Stopped by Marc-Andre Fleury with a rebound.
6:45 of 2nd period - Minor Penalty to Michael Del Zotto for Interference.
6:46 of 2nd period - Alexander Wennberg wins face-off versus Erik Haula in CHICAGO zone.
7:35 of 2nd period - Shot by Zach Werenski.
7:35 of 2nd period - Deflect By Brayden Schenn.
7:35 of 2nd period - Shot Misses the Net.
7:37 of 2nd period - Shot by Ryan Johansen.
7:37 of 2nd period - Stopped by Marc-Andre Fleury without a rebound.
7:38 of 2nd period - Ryan Johansen wins face-off versus Erik Haula in CHICAGO zone.
8:05 of 2nd period - Shot by Victor Hedman.
8:05 of 2nd period - Stopped by Marc-Andre Fleury without a rebound.
8:06 of 2nd period - Alexander Wennberg wins face-off versus Shawn Matthias in CHICAGO zone.
8:27 of 2nd period - Shot by Colin Wilson.
8:27 of 2nd period - Shot Misses the Net.
9:11 of 2nd period - Xavier Ouellet is hit by Filip Forsberg and loses puck.
9:46 of 2nd period - Shot by Brayden Schenn.
9:46 of 2nd period - Shot Misses the Net.
9:57 of 2nd period - Minor Penalty to Filip Forsberg for Delaying the game.
9:58 of 2nd period - Erik Haula wins face-off versus Alexander Wennberg in CHICAGO zone.
10:21 of 2nd period - Shot by Casey Cizikas.
10:21 of 2nd period - Deflect By Alexander Wennberg.
10:21 of 2nd period - Stopped by Marc-Andre Fleury without a rebound.
10:22 of 2nd period - Ryan Johansen wins face-off versus Zack Smith in CHICAGO zone.
10:43 of 2nd period - Erik Haula is hit by Brayden Schenn and loses puck.
11:37 of 2nd period - Icing by Viktor Arvidsson.
11:38 of 2nd period - Zack Smith wins face-off versus Ryan Johansen in WASHINGTON zone.
11:45 of 2nd period - Shot by Damon Severson.
11:45 of 2nd period - Shot Misses the Net.
11:47 of 2nd period - Shot by Tom Gilbert.
11:47 of 2nd period - Shot Misses the Net.
11:49 of 2nd period - Shot by Viktor Arvidsson.
11:49 of 2nd period - Shot Misses the Net.
11:57 of 2nd period - Shot by Brayden Schenn.
11:57 of 2nd period - Deflect By Zemgus Girgensons.
11:57 of 2nd period - Shot Misses the Net.
11:59 of 2nd period - Shot by Zemgus Girgensons.
11:59 of 2nd period - Shot Misses the Net.
12:01 of 2nd period - Shot by Rene Bourque.
12:01 of 2nd period - Shot Blocked by Mark Pysyk.
12:03 of 2nd period - Shot by Zemgus Girgensons.
12:03 of 2nd period - Stopped by Marc-Andre Fleury with a rebound.
12:05 of 2nd period - Shot by Zemgus Girgensons.
12:05 of 2nd period - Shot Misses the Net.
12:29 of 2nd period - Shot by Tyler Bozak.
12:29 of 2nd period - Shot Misses the Net.
12:44 of 2nd period - Roman Polak is hit by James Neal and loses puck.
13:28 of 2nd period - Shot by Ryan O'Reilly.
13:28 of 2nd period - Stopped by Ryan Miller without a rebound.
13:29 of 2nd period - Ryan Johansen wins face-off versus Erik Haula in WASHINGTON zone.
13:37 of 2nd period - Icing by Michael Del Zotto.
13:38 of 2nd period - Ryan Johansen wins face-off versus Carl Hagelin in CHICAGO zone.
14:12 of 2nd period - Off-side.
14:13 of 2nd period - Ryan O'Reilly wins face-off versus Alexander Wennberg in neutral zone.
14:22 of 2nd period - Shot by Alexander Wennberg.
14:22 of 2nd period - Shot Misses the Net.
14:52 of 2nd period - Shot by Filip Forsberg.
14:52 of 2nd period - Stopped by Ryan Miller without a rebound.
14:53 of 2nd period - Ryan Johansen wins face-off versus Tyler Bozak in WASHINGTON zone.
15:10 of 2nd period - Shot by Viktor Arvidsson.
15:10 of 2nd period - Stopped by Marc-Andre Fleury without a rebound.
15:11 of 2nd period - Erik Haula wins face-off versus Joakim Nordstrom in CHICAGO zone.
16:20 of 2nd period - Viktor Arvidsson is hit by Zack Smith and loses puck.
17:13 of 2nd period - Ryan O'Reilly is hit by Roman Polak and loses puck.
17:38 of 2nd period - Brett Ritchie is hit by Filip Forsberg and loses puck.
17:43 of 2nd period - Shot by Filip Forsberg.
17:43 of 2nd period - Deflect By Ryan O'Reilly.
17:43 of 2nd period - Stopped by Ryan Miller without a rebound.
17:44 of 2nd period - Tyler Bozak wins face-off versus Joakim Nordstrom in WASHINGTON zone.
17:48 of 2nd period - James van Riemsdyk is hit by Victor Hedman and loses puck.
18:09 of 2nd period - Shot by Tyler Bozak.
18:09 of 2nd period - Stopped by Ryan Miller with a rebound.
18:15 of 2nd period - Shot by Victor Hedman.
18:15 of 2nd period - Stopped by Marc-Andre Fleury without a rebound.
18:16 of 2nd period - Ryan Johansen wins face-off versus Shawn Matthias in CHICAGO zone.
18:25 of 2nd period - Shot by Viktor Arvidsson.
18:25 of 2nd period - Stopped by Marc-Andre Fleury without a rebound.
18:26 of 2nd period - Ryan O'Reilly wins face-off versus Brayden Schenn in CHICAGO zone.
18:30 of 2nd period - Icing by Ryan O'Reilly.
18:31 of 2nd period - Ryan O'Reilly wins face-off versus Ryan Johansen in CHICAGO zone.
18:54 of 2nd period - Jared Spurgeon is hit by Zach Werenski and loses puck.
19:05 of 2nd period - Ryan O'Reilly is hit by Brayden Schenn and loses puck.
19:10 of 2nd period - Shot by Viktor Arvidsson.
19:10 of 2nd period - Stopped by Marc-Andre Fleury without a rebound.
19:11 of 2nd period - Tyler Bozak wins face-off versus Alexander Wennberg in CHICAGO zone.
19:19 of 2nd period - Icing by Tyler Bozak.
19:20 of 2nd period - Tyler Bozak wins face-off versus Alexander Wennberg in CHICAGO zone.
19:20 of 2nd period - Tyler Bozak is hit by Casey Cizikas.
19:36 of 2nd period - Shot by James van Riemsdyk.
19:36 of 2nd period - Stopped by Ryan Miller without a rebound.
19:37 of 2nd period - Ryan Johansen wins face-off versus Ryan O'Reilly in WASHINGTON zone.
19:43 of 2nd period - Ryan Johansen is hit by Michael Del Zotto and loses puck.
19:48 of 2nd period - Shot by Viktor Arvidsson.
19:48 of 2nd period - Stopped by Marc-Andre Fleury with a rebound.
Goals for this period are 0 for WASHINGTON vs 0 for CHICAGO.
Shots for this period are 11 for WASHINGTON vs 9 for CHICAGO.

3rd period


0:01 of 3rd period - Ryan Johansen wins face-off versus Tyler Bozak in neutral zone.
0:40 of 3rd period - James Neal is hit by Zach Werenski.
1:16 of 3rd period - Shot by Alexander Wennberg.
1:16 of 3rd period - Stopped by Marc-Andre Fleury without a rebound.
1:17 of 3rd period - Joakim Nordstrom wins face-off versus Erik Haula in CHICAGO zone.
1:52 of 3rd period - Shot by Carl Hagelin.
1:52 of 3rd period - Deflect By Zack Smith.
1:52 of 3rd period - Stopped by Ryan Miller without a rebound.
1:53 of 3rd period - Ryan O'Reilly wins face-off versus Alexander Wennberg in WASHINGTON zone.
1:54 of 3rd period - Shot by Filip Forsberg.
1:54 of 3rd period - Shot Misses the Net.
2:04 of 3rd period - Shot by Rick Nash.
2:04 of 3rd period - Shot Misses the Net.
2:06 of 3rd period - Shot by Rick Nash.
2:06 of 3rd period - Stopped by Ryan Miller without a rebound.
2:07 of 3rd period - Ryan Johansen wins face-off versus Shawn Matthias in WASHINGTON zone.
2:15 of 3rd period - Off-side.
2:16 of 3rd period - Ryan Johansen wins face-off versus Ryan O'Reilly in neutral zone.
2:39 of 3rd period - Shot by Viktor Arvidsson.
2:39 of 3rd period - Deflect By Brayden Schenn.
2:39 of 3rd period - Shot Misses the Net.
2:49 of 3rd period - Shot by Filip Forsberg.
2:49 of 3rd period - Shot Blocked by Victor Hedman.
2:51 of 3rd period - Shot by Nick Leddy.
2:51 of 3rd period - Shot Misses the Net.
2:53 of 3rd period - Shot by Nick Leddy.
2:53 of 3rd period - Shot Misses the Net.
2:55 of 3rd period - Shot by Nick Leddy.
2:55 of 3rd period - Stopped by Ryan Miller without a rebound.
2:56 of 3rd period - Alexander Wennberg wins face-off versus Tyler Bozak in WASHINGTON zone.
3:08 of 3rd period - Michael Del Zotto is hit by Brett Ritchie and loses puck.
3:28 of 3rd period - Shot by James van Riemsdyk.
3:28 of 3rd period - Stopped by Ryan Miller without a rebound.
3:29 of 3rd period - Shawn Matthias wins face-off versus Joakim Nordstrom in WASHINGTON zone.
3:35 of 3rd period - Icing by Roman Polak.
3:36 of 3rd period - Ryan O'Reilly wins face-off versus Joakim Nordstrom in WASHINGTON zone.
3:49 of 3rd period - Shot by Cal Clutterbuck.
3:49 of 3rd period - Stopped by Marc-Andre Fleury without a rebound.
3:50 of 3rd period - Ryan Johansen wins face-off versus Tyler Bozak in CHICAGO zone.
4:53 of 3rd period - Icing by Matt Dumba.
4:54 of 3rd period - Alexander Wennberg wins face-off versus Ryan O'Reilly in CHICAGO zone.
4:58 of 3rd period - Icing by Nick Leddy.
4:59 of 3rd period - Alexander Wennberg wins face-off versus Ryan O'Reilly in CHICAGO zone.
5:20 of 3rd period - Shot by Ryan O'Reilly.
5:20 of 3rd period - Stopped by Ryan Miller without a rebound.
5:21 of 3rd period - Joakim Nordstrom wins face-off versus Erik Haula in WASHINGTON zone.
5:21 of 3rd period - Joakim Nordstrom is hit by Erik Haula.
5:36 of 3rd period - Shot by Roman Polak.
5:36 of 3rd period - Shot Misses the Net.
5:38 of 3rd period - Shot by Cal Clutterbuck.
5:38 of 3rd period - Stopped by Marc-Andre Fleury without a rebound.
5:39 of 3rd period - Ryan Johansen wins face-off versus Ryan O'Reilly in CHICAGO zone.
6:02 of 3rd period - Shot by Zach Werenski.
6:02 of 3rd period - Shot Misses the Net.
6:36 of 3rd period - Icing by Casey Cizikas.
6:37 of 3rd period - Alexander Wennberg wins face-off versus James Neal in WASHINGTON zone.
6:37 of 3rd period - Alexander Wennberg is hit by James Neal.
6:38 of 3rd period - Minor Penalty to James Neal for Hooking.
6:39 of 3rd period - Erik Haula wins face-off versus Alexander Wennberg in CHICAGO zone.
7:37 of 3rd period - Shot by Ryan Johansen.
7:37 of 3rd period - Shot Misses the Net.
8:01 of 3rd period - Shot by Victor Hedman.
8:01 of 3rd period - Stopped by Marc-Andre Fleury without a rebound.
8:02 of 3rd period - Zack Smith wins face-off versus Alexander Wennberg in CHICAGO zone.
8:15 of 3rd period - Shot by Victor Hedman.
8:15 of 3rd period - Shot Misses the Net.
8:17 of 3rd period - Shot by Casey Cizikas.
8:17 of 3rd period - Stopped by Marc-Andre Fleury without a rebound.
8:18 of 3rd period - Ryan Johansen wins face-off versus Erik Haula in CHICAGO zone.
8:49 of 3rd period - Shot by Zemgus Girgensons.
8:49 of 3rd period - Shot Misses the Net.
8:51 of 3rd period - Shot by Nathan Gerbe.
8:51 of 3rd period - Deflect By Zemgus Girgensons.
8:51 of 3rd period - Stopped by Marc-Andre Fleury without a rebound.
8:52 of 3rd period - Tyler Bozak wins face-off versus Joakim Nordstrom in CHICAGO zone.
9:09 of 3rd period - Shot by James van Riemsdyk.
9:09 of 3rd period - Stopped by Ryan Miller without a rebound.
9:10 of 3rd period - Alexander Wennberg wins face-off versus Ryan O'Reilly in WASHINGTON zone.
9:34 of 3rd period - Shot by Alexander Wennberg.
9:34 of 3rd period - Shot Blocked by Nick Leddy.
9:36 of 3rd period - Shot by Roman Polak.
9:36 of 3rd period - Shot Misses the Net.
9:38 of 3rd period - Shot by Brett Ritchie.
9:38 of 3rd period - Stopped by Marc-Andre Fleury without a rebound.
9:39 of 3rd period - Tyler Bozak wins face-off versus Ryan Johansen in CHICAGO zone.
9:54 of 3rd period - Shot by Tyler Bozak.
9:54 of 3rd period - Stopped by Ryan Miller without a rebound.
9:55 of 3rd period - Erik Haula wins face-off versus Cal Clutterbuck in WASHINGTON zone.
9:56 of 3rd period - Shot by Connor Murphy.
9:56 of 3rd period - Stopped by Ryan Miller without a rebound.
9:57 of 3rd period - Ryan Johansen wins face-off versus Tyler Bozak in WASHINGTON zone.
9:57 of 3rd period - Ryan Johansen is hit by James Neal.
10:41 of 3rd period - Shot by Viktor Arvidsson.
10:41 of 3rd period - Deflect By Brayden Schenn.
10:41 of 3rd period - Stopped by Marc-Andre Fleury without a rebound.
10:42 of 3rd period - Ryan O'Reilly wins face-off versus Alexander Wennberg in CHICAGO zone.
11:43 of 3rd period - Shot by Cal Clutterbuck.
11:43 of 3rd period - Shot Misses the Net.
11:51 of 3rd period - Shot by Colin Wilson.
11:51 of 3rd period - Stopped by Marc-Andre Fleury without a rebound.
11:52 of 3rd period - Ryan Johansen wins face-off versus Tyler Bozak in CHICAGO zone.
12:06 of 3rd period - Icing by Matt Dumba.
12:07 of 3rd period - Zemgus Girgensons wins face-off versus James van Riemsdyk in CHICAGO zone.
12:14 of 3rd period - Shot by James Neal.
12:14 of 3rd period - Stopped by Ryan Miller with a rebound.
12:16 of 3rd period - Shot by James van Riemsdyk.
12:16 of 3rd period - Shot Blocked by Xavier Ouellet.
13:17 of 3rd period - Icing by Zach Werenski.
13:18 of 3rd period - Erik Haula wins face-off versus Casey Cizikas in WASHINGTON zone.
13:25 of 3rd period - Shot by Zack Smith.
13:25 of 3rd period - Deflect By Erik Haula.
13:25 of 3rd period - Shot Misses the Net.
13:27 of 3rd period - Shot by Zack Smith.
13:27 of 3rd period - Stopped by Ryan Miller without a rebound.
13:28 of 3rd period - Ryan O'Reilly wins face-off versus Ryan Johansen in WASHINGTON zone.
13:31 of 3rd period - Shot by Rick Nash.
13:31 of 3rd period - Stopped by Ryan Miller without a rebound.
13:32 of 3rd period - Ryan O'Reilly wins face-off versus Ryan Johansen in WASHINGTON zone.
13:35 of 3rd period - Shot by Filip Forsberg.
13:35 of 3rd period - Stopped by Ryan Miller without a rebound.
13:36 of 3rd period - Erik Haula wins face-off versus Ryan Johansen in WASHINGTON zone.
15:28 of 3rd period - Shot by Connor Murphy.
15:28 of 3rd period - Shot Blocked by Alexander Wennberg.
15:43 of 3rd period - Icing by Connor Murphy.
15:44 of 3rd period - Tyler Bozak wins face-off versus Joakim Nordstrom in CHICAGO zone.
15:53 of 3rd period - Shot by Colin Wilson.
15:53 of 3rd period - Stopped by Marc-Andre Fleury with a rebound.
15:55 of 3rd period - Shot by Roman Polak.
15:55 of 3rd period - Stopped by Marc-Andre Fleury without a rebound.
15:56 of 3rd period - Zemgus Girgensons wins face-off versus Erik Haula in CHICAGO zone.
15:57 of 3rd period - Shot by Nathan Gerbe.
15:57 of 3rd period - Stopped by Marc-Andre Fleury without a rebound.
15:58 of 3rd period - Erik Haula wins face-off versus Joakim Nordstrom in CHICAGO zone.
16:13 of 3rd period - Shot by Carl Hagelin.
16:13 of 3rd period - Shot Misses the Net.
16:25 of 3rd period - Shot by Colin Wilson.
16:25 of 3rd period - Shot Misses the Net.
16:31 of 3rd period - Shot by Michael Del Zotto.
16:31 of 3rd period - Shot Misses the Net.
17:00 of 3rd period - Icing by Victor Hedman.
17:01 of 3rd period - Alexander Wennberg wins face-off versus Tyler Bozak in WASHINGTON zone.
17:10 of 3rd period - Shot by James van Riemsdyk.
17:10 of 3rd period - Stopped by Ryan Miller without a rebound.
17:11 of 3rd period - Ryan Johansen wins face-off versus Ryan O'Reilly in WASHINGTON zone.
18:06 of 3rd period - Off-side.
18:07 of 3rd period - Alexander Wennberg wins face-off versus James van Riemsdyk in neutral zone.
18:24 of 3rd period - Shot by Tyler Bozak.
18:24 of 3rd period - Stopped by Ryan Miller without a rebound.
18:25 of 3rd period - Joakim Nordstrom wins face-off versus Shawn Matthias in WASHINGTON zone.
19:23 of 3rd period - Shot by Ryan Johansen.
19:23 of 3rd period - Shot Misses the Net.
19:31 of 3rd period - Shot by Victor Hedman.
19:31 of 3rd period - Stopped by Marc-Andre Fleury without a rebound.
19:32 of 3rd period - Ryan O'Reilly wins face-off versus Ryan Johansen in CHICAGO zone.
19:45 of 3rd period - Shot by Casey Cizikas.
19:45 of 3rd period - Shot Misses the Net.
19:47 of 3rd period - Shot by Victor Hedman.
19:47 of 3rd period - Shot Blocked by Mark Pysyk.
19:49 of 3rd period - Shot by Victor Hedman.
19:49 of 3rd period - Goal by Victor Hedman - WASHINGTON : 2 - CHICAGO : 0.
19:50 of 3rd period - Zemgus Girgensons wins face-off versus Erik Haula in neutral zone.
Goals for this period are 1 for WASHINGTON vs 0 for CHICAGO.
Shots for this period are 14 for WASHINGTON vs 14 for CHICAGO.